 Dungeon Crawl Stone Soup version 0.27.1-34-g3ba077fa99 (webtiles) character file.

Game seed: 15753971825672607148

100 comborobin the Sneak (level 4, -3/34 HPs)
             Began as a Vampire Delver on Jan 8, 2022.
             Slain by Grinder (6 damage)
             ... while paralysed by Grinder
             ... on level 4 of the Dungeon.
             The game lasted 00:02:45 (353 turns).

comborobin the Sneak (Vampire Delver)                Turns: 353, Time: 00:02:46

Health: -3/34      AC:  3    Str: 12    XL:     4   Next: 46%
Magic:  4/4        EV:  2    Int: 12    God:
Gold:   0          SH:  0    Dex: 15    Spells: 3/3 levels left

rFire    . . .     SeeInvis +     - Unarmed
rCold    . . .     Faith    .   (no shield)
rNeg     . . .     Spirit   .   a - +0 leather armour
rPois    .         Reflect  +   (no helmet)
rElec    .         Harm     .   (no cloak)
rCorr    .         Rampage  .   (no gloves)
Will     .....                  (no boots)
Stlth    +++.......             e - amulet of reflection
HPRegen  0.31/turn              (no ring)
MPRegen  0.09/turn              (no ring)

@: paralysed, healing quickly
A: alive, fangs 3, see invisible, vampiric 2
a: Exsanguinate


You were on level 4 of the Dungeon.
You visited 1 branch of the dungeon, and saw 3 of its levels.

Inventory:

Hand Weapons
 c - a +2 morningstar of protection
Armour
 a - a +0 leather armour (worn)
Jewellery
 e - an amulet of reflection (around neck)
Wands
 f - a wand of digging (2)
Scrolls
 b - 2 scrolls of fog
 d - a scroll of vulnerability {unknown}


   Skills:
 - Level 2.6 Fighting
 - Level 2.1 Dodging
 - Level 7.2 Stealth
 + Level 5.2 Unarmed Combat


You had 3 spell levels left.
You didn't know any spells.
Your spell library was empty.

Dungeon Overview and Level Annotations

Branches:
Dungeon (6/15)             Temple (0/1) D:5

Altars:
Ru
Wu Jian

Shops:
D:5 *

Annotations:
D:4 Edmund, Grinder


Innate Abilities, Weirdness & Mutations

Your natural rate of healing is accelerated.
You have razor-sharp teeth.
You have supernaturally acute eyesight. (SInv)
You are afflicted with vampirism and can become a bat while bloodless.


Message History

The endoplasm barely misses you.
You hit the endoplasm.
You kill the endoplasm!
You closely miss the goblin. You block the goblin's attack.
You barely miss the goblin. The goblin closely misses you.
You hit the goblin.
You kill the goblin!
You hit the orc.
The orc is heavily wounded.
Grinder comes into view.
You hit the orc but do no damage. You bite the orc.
You kill the orc!
You block the orc's attack.
Items here: ))) [ †††.
You closely miss the orc. You bite the orc, but do no damage.
The orc hits you with a +0 short sword.
Okay, then.
You aren't carrying any potions.
Unknown command.
Grinder says, "My boss said I was rubbish.
His entrails said otherwise."
Grinder blinks!
You hit Grinder.
Grinder is lightly wounded.
You block the orc's attack. Grinder gestures at you.
You barely resist. Grinder gestures at you. Pain shoots through your body!
Grinder gestures at you.
You suddenly lose the ability to move!
The orc hits you with a +0 short sword. The orc barely misses you.
Grinder says, "Tell me all your secrets, or I'll kill you."
Grinder hits you! The orc hits you with a +0 short sword.
* * * LOW HITPOINT WARNING * * *
Grinder hits you!
* * * LOW HITPOINT WARNING * * *
You writhe in agony.
You die...

#####.# ###.).......
#.# #...........
#§#.#.##..#.####
#.#...###.#.####
#.#.##.........#
#####.#.##.........#
#.......##.....>...#
#.#o5.####.........#
#@######...†.....#
#.##.............#
#.##....##########
######.##....#
#.............#
#.......##....#
#.......####.##
#.......# #.#
#.......####)#


You could see Grinder and an orc.

Vanquished Creatures
  A necrophage (D:4)
  A gnoll (D:4)
  2 orcs (D:4)
  2 ball pythons (D:4)
  2 endoplasms (D:4)
  A goblin (D:4)
9 creatures vanquished.

Notes
Turn   | Place    | Note
-------+----------+-------------------------------------------
     0 | D:5      | comborobin the Vampire Delver began the quest for the Orb.
     0 | D:5      | Reached XP level 1. HP: 17/17 MP: 1/1
     1 | D:6      | Noticed a hound
    44 | D:5      | Noticed an iguana
    49 | D:5      | Found an ornate altar of the Wu Jian Council.
    68 | D:5      | Noticed a phantom
    75 | D:4      | Noticed Edmund
    95 | D:4      | Noticed a necrophage
   142 | D:4      | Killed a necrophage
   143 | D:4      | Reached skill level 5 in Unarmed Combat
   143 | D:4      | Reached XP level 2. HP: 4/23 MP: 2/2
   143 | D:4      | Gained mutation: You are afflicted with vampirism and can
                  | become a bat while bloodless. [Vampire growth]
   143 | D:4      | Reached XP level 3. HP: 5/28 MP: 3/3
   143 | D:4      | Reached XP level 4. HP: 6/34 MP: 4/4
   166 | D:5      | Found Faddoisk's CLEARANCE SALE! EVERYTHING MUST GO!.
   176 | D:5      | Noticed a necrophage
   189 | D:5      | Found a sacrificial altar of Ru.
   336 | D:4      | Noticed Grinder
   350 | D:4      | Paralysed by Grinder for 4 turns
   353 | D:4      | Slain by Grinder

Illustrated notes

Levels and vault maps discovered:
D:4:      layout_basic, uniq_grinder, uniq_menkaure, uniq_edmund
D:5:      minmay_goblin_kobold_castle, layout_rooms,
          mainiacjoe_overflow_small_starburst, nzn_wu_jian_council_hall,
          old_standard_altar, nicolae_sif_muna_condensation,
          lemuel_doored_altar, temple_statues, nicolae_shop_clearance
D:6:      layout_cave_pools, minmay_misc_feat_secret_circle

Skill      XL: |  1 |
---------------+----+-----
Unarmed Combat | 5 |  5.2
Fighting       | |  2.6
Dodging        | |  2.1
Stealth        | |  7.2

Action                   |  1- 3 |  4- 6 || total
-------------------------+-------+-------++-------
Melee: Unarmed           |    17 |    22 ||    39
       Bite              |       |     2 ||     2
Evoke: Wand              |     1 |       ||     1
  Use: Scroll            |     2 |       ||     2
       Potion            |     1 |       ||     1
 Stab: Fleeing           |     1 |       ||     1
       Sleeping          |       |     1 ||     1
Armor: Skin              |    19 |       ||    19
       Leather armour    |     1 |     2 ||     3
Dodge: Dodged            |     5 |     7 ||    12
Block: Other             |    10 |     7 ||    17
